 Dungeon Crawl Stone Soup version 0.31-a0-841-g038b102fc3 (webtiles) character file.

Game seed: 7739524487324778524

28682 Fodor the Spear-Bearer (level 13, 0/115 HPs)
             Began as a Minotaur Fighter on Sept 26, 2023.
             Was an Initiate of Gozag.
             Slain by an ironbound thunderhulk
             ... wielding a +0 dire flail of venom
              (25 damage)
             ... on level 14 of the Dungeon on Sept 27, 2023.
             The game lasted 01:37:14 (18265 turns).

Fodor the Spear-Bearer (Minotaur Fighter)          Turns: 18265, Time: 01:37:15

Health: 0/115      AC: 21    Str: 26    XL:     13   Next: 11%
Magic:  12/12      EV: 19    Int:  5    God:    Gozag
Gold:   1483       SH:  5    Dex: 10    Spells: 12/12 levels left

rFire   . . .        j - +1 dire flail (heavy)
rCold   . . .        (shield currently unavailable)
rNeg    . . .        P - +4 plate armour {ponderous}
rPois   .            (helmet restricted)
rElec   .            F - +0 cloak
rCorr   .            (no gloves)
SInv    .            (no boots)
Will    .....        y - amulet of reflection Stlth
                     a - +5 ring of evasion
HPRegen 0.39/turn    s - +5 ring of evasion
MPRegen 0.13/turn

%: reflection
@: gold aura, slow
A: horns 2, retaliatory headbutt
a: Renounce Religion, Potion Petition, Call Merchant, Bribe Branch


You were on level 14 of the Dungeon.
You worshipped Gozag.
Gozag was most pleased with you.
You visited 2 branches of the dungeon, and saw 15 of its levels.
You also visited: Bailey.

You collected 2931 gold pieces.
You spent 813 gold pieces at shops.
You paid 635 gold pieces to Gozag.

Inventory:

Hand Weapons
 j - a +1 heavy dire flail (weapon)
 B - a +0 shortbow
 K - a +4 halberd of draining
Missiles
 g - 61 poisoned darts
 t - 6 javelins (quivered)
 M - a throwing net
 N - a curare-tipped dart
Armour
 c - a +0 buckler
 r - a +2 plate armour
 F - a +0 cloak (worn)
 P - a +4 plate armour of ponderousness (worn)
Jewellery
 a - a +5 ring of evasion (left hand)
 f - an amulet of regeneration
 s - a +5 ring of evasion (right hand)
 y - an amulet of reflection (around neck)
Talismans
 L - a blade talisman
Wands
 D - a wand of polymorph (5)
 U - a wand of digging (4)
Scrolls
 i - 2 scrolls of revelation
 m - 4 scrolls of immolation
 o - 3 scrolls of blinking
 v - 3 scrolls of amnesia
 x - a scroll of noise
 A - 5 scrolls of teleportation
 C - a scroll of silence
 O - a scroll of fog
 R - a scroll of fear
 S - 2 scrolls of vulnerability
 T - 2 scrolls of poison
Potions
 b - 2 potions of mutation {unknown}
 e - 7 potions of brilliance
 h - 2 potions of haste
 l - a potion of lignification
 q - a potion of cancellation {unknown}
 u - 4 potions of attraction
 w - a potion of ambrosia {unknown}
 z - 2 potions of degeneration {unknown}
 E - 2 potions of enlightenment {unknown}
 G - 3 potions of invisibility
 I - a potion of resistance {unknown}
 J - 2 potions of magic {unknown}
 Q - a potion of heal wounds
Miscellaneous
 H - a lightning rod (3/4)


   Skills:
 + Level 10.8 Fighting
 + Level 4.7 Long Blades
 + Level 11.2(13.9) Axes
 + Level 13.4(15.1) Polearms
 + Level 1.0 Throwing
 + Level 13.3 Armour
 + Level 4.4 Dodging
 + Level 2.3 Stealth
 + Level 10.3 Shields
 + Level 0.2 Evocations


You had 12 spell levels left.
You didn't know any spells.
Your spell library contained the following spells:

 Spells                   Type           Power      Damage    Failure   Level
 Kiss of Death            Conj/Necr      0%         2d5       99%         1
 Magic Dart               Conj           0%         1d3       99%         1
 Shock                    Conj/Air       0%         1d3       99%         1
 Sting                    Tmut/Pois      0%         1d3       99%         1
 Call Imp                 Summ           0%         N/A       99%         2
 Cigotuvi's Dreadful Rot  Necr/Pois/Air  0%         N/A       99%         2
 Poisonous Vapours        Pois/Air       0%         N/A       99%         2
 Scorch                   Fire           0%         2d5       99%         2
 Wereblood                Tmut           0%         N/A       99%         2
 Confusing Touch          Hex            0%         N/A       100%        3
 Ignite Poison            Fire/Tmut/Pois 0%         N/A       100%        3
 Mephitic Cloud           Conj/Pois/Air  0%         N/A       100%        3
 Swiftness                Air            0%         N/A       100%        3
 Tukima's Dance           Hex            0%         N/A       100%        3
 Airstrike                Air            0%         2d(0-16)  100%        4
 Dispel Undead            Necr           0%         3d6       100%        4
 Flame Wave               Conj/Fire      0%         2d4       100%        4
 Olgreb's Toxic Radiance  Pois           0%         N/A       100%        4
 Passage of Golubria      Tloc           0%         N/A       100%        4
 Freezing Cloud           Conj/Ice/Air   0%         6-21      100%        5
 Irradiate                Conj/Tmut      0%         3d11      100%        5
 Yara's Violent Unravell  Hex/Tmut       0%         3d3       100%        5
 Summon Cactus Giant      Summ           0%         N/A       100%        6
 Haunt                    Necr/Summ      0%         N/A       100%        7
 Infestation              Necr           0%         N/A       100%        8
 Chain Lightning          Conj/Air       0%         N/A       100%        9
 Fire Storm               Conj/Fire      0%         5d1       100%        9
 Shatter                  Erth           0%         3d5*      100%        9
 Animate Dead             Necr           Unusable   N/A       N/A         4

Dungeon Overview and Level Annotations

Branches:
Dungeon (14/15)            Temple (1/1) D:4            Lair (0/5) D:11
    Orc (0/2) D:10         Bailey (visited)
 Vaults: D:13-14

Altars:
Ashenzari
Cheibriados
Dithmenos
Elyvilon
Fedhas
Gozag
Hepliaklqana
Kikubaaqudgha
Makhleb
Nemelex Xobeh
Okawaru
Qazlal
Ru
Sif Muna
Trog
Uskayaw
Vehumet
Wu Jian
Xom
Yredelemnul
Zin
The Shining One

Shops:
D:4 :   D:10 *   D:13 :*=*=

Annotations:
D:7 Jeremiah


Innate Abilities, Weirdness & Mutations

You have a pair of horns on your head.
You reflexively headbutt those who attack you in melee.


Message History

The vault guard is lightly wounded.
You feel sick. The raiju barely misses you. You furiously retaliate!
You headbutt the raiju! The human misses you. You furiously retaliate!
You headbutt the human!
You kill the human!
The vault guard hits you with a +2 battleaxe.
The cyclops barely misses you. The ironbound thunderhulk misses you.
You furiously retaliate!
You headbutt the ironbound thunderhulk.
You beat the ironbound thunderhulk like a drum!!!
You headbutt the ironbound thunderhulk, but do no damage.
The ironbound thunderhulk is heavily wounded.
You feel sick.
The raiju bursts into living lightning!
The living lightning misses you.
The raiju blinks!
The vault guard hits you with a +2 battleaxe.
The cyclops barely misses you. You furiously retaliate!
You headbutt the cyclops.
You block the ironbound thunderhulk's attack.
The vault guard hits you with a +2 battleaxe.
You closely miss the ironbound thunderhulk.
You headbutt the ironbound thunderhulk!
The ironbound thunderhulk is heavily wounded.
You feel sick.
The vault guard hits you with a +0 war axe!
The vault guard barely misses you.
The cyclops hits you but does no damage.
The ironbound thunderhulk hits you with a +0 dire flail of venom!!
* * * LOW HITPOINT WARNING * * *
You sock the ironbound thunderhulk! You headbutt the ironbound thunderhulk!
The ironbound thunderhulk is severely wounded.
You feel sick.
You are no longer poisoned.
The vault guard completely misses you. The cyclops barely misses you.
You furiously retaliate!
You headbutt the cyclops! The vault guard completely misses you.
The vault guard hits you with a +2 battleaxe.
* * * LOW HITPOINT WARNING * * *
The ironbound thunderhulk hits you with a +0 dire flail of venom!!
You die...
Your body crumbles into a pile of gold.

#.# ######## #.## #.#
#......# #...# #.#
#...(..# #...## #.#
#....).# .....# . #.#
#.....)###.....# .. #.#
#.......'##'''##...
####.###......##.p....^...
.....##.......##ph........
#######.......##@p........
...####.......##OC........
##.#....).....##..........
#.#.###......##..........
##...# #......##..........
....## ############.######
###### ...## .. ......
.### ### ###### .#


You could see an ironbound thunderhulk, 3 vault guards, a cyclops and a raiju.

Vanquished Creatures
  A hydra (D:14)
  3 two-headed ogres
  5 centaur warriors
  A boulder beetle (D:12)
  2 tengu warriors (D:14)
  A deep troll (shapeshifter) (D:14)
  2 deep elf pyromancers
  3 ugly things (D:14)
  5 cyclopes
  2 manticores (D:12)
  An efreet (D:13)
  A komodo dragon (D:11)
  An unseen horror (D:11)
  4 kobold demonologists
  2 tengu conjurers (D:14)
  4 trolls
  Prince Ribbit (D:4)
  A hornet (D:8)
  A water elemental (D:13)
  A wraith (D:10)
  3 shadows
  24 yaks
  A vampire (D:12)
  2 wyverns (D:9)
  3 hogs (D:7)
  2 humans
  2 steam dragons (D:10)
  Grum (D:10)
  Menkaure (D:6)
  11 vampire mosquitoes
  4 acid dragons
  A water moccasin (D:8)
  2 black bears
  An ice beast (D:4)
  3 orc warriors
  A sky beast (D:8)
  11 centaurs
  4 wolves (D:10)
  2 phantoms
  5 kobold brigands (D:9)
  2 bullfrogs
  5 scorpions
  4 wights (D:5)
  8 killer bees
  3 howler monkeys
  A vampire bat (D:5)
  7 crimson imps (D:12)
  9 orc priests
  7 hounds
  3 gnoll boudas
  An iguana (D:7)
  A sleepcap (D:6)
  14 orc wizards
  23 gnolls
  10 adders
  A shadow imp (D:12)
  4 white imps
  2 ufetubi (D:6)
  2 worms (D:2)
  5 dart slugs
  3 fire bats (D:5)
  66 orcs
  2 spectral bats (D:5)
  13 ball pythons
  A bat simulacrum (D:5)
  3 bat skeletons (D:5)
  A bat zombie (D:5)
  6 endoplasms
  5 giant cockroaches
  5 goblins
  10 hobgoblins
  7 jackals
  18 kobolds
  A quokka (D:5)
  15 bats
  4 frilled lizards
  7 rats
405 creatures vanquished.

Notes
Turn   | Place    | Note
-------+----------+-------------------------------------------
     0 | D:1      | Fodor the Minotaur Fighter began the quest for the Orb.
     0 | D:1      | Reached XP level 1. HP: 19/19 MP: 0/0
    65 | D:1      | Reached XP level 2. HP: 6/27 MP: 1/1
  1513 | D:1      | Reached XP level 3. HP: 31/33 MP: 2/2
  1776 | D:2      | Reached skill level 1 in Dodging
  2379 | D:2      | Reached XP level 4. HP: 35/40 MP: 3/3
  2379 | D:2      | Found a hazy altar of Hepliaklqana.
  2531 | D:3      | Found a faded altar of an unknown god.
  2556 | D:3      | Found an ornate altar of the Wu Jian Council.
  2795 | D:3      | You fall into a shaft and drop 2 floors!
  2795 | D:5      | Entered Level 5 of the Dungeon
  2971 | D:5      | Reached skill level 5 in Armour
  2971 | D:5      | Reached XP level 5. HP: 44/46 MP: 4/4
  3171 | D:5      | Reached XP level 6. HP: 2/47 MP: 5/5
  3171 | D:5      | HP: 3/70 [wight/+2 falchion (1)]
  3206 | D:5      | Reached skill level 5 in Shields
  3566 | D:5      | Reached XP level 7. HP: 43/60 MP: 6/6
  3571 | D:5      | Reached skill level 1 in Axes
  3716 | D:5      | Found a stormy altar of Qazlal.
  3719 | D:5      | Noticed a fire elemental
  3719 | D:5      | Noticed an air elemental
  3719 | D:5      | Noticed a water elemental
  4049 | D:5      | Noticed Prince Ribbit
  4073 | D:4      | Killed Prince Ribbit
  4074 | D:4      | Reached skill level 5 in Fighting
  4238 | D:4      | Reached XP level 8. HP: 65/69 MP: 7/7
  4291 | D:4      | Found Webil's Book Emporium.
  4816 | D:4      | Found a staircase to the Ecumenical Temple.
  4822 | Temple   | Entered the Ecumenical Temple
  4925 | D:4      | Reached skill level 5 in Axes
  5916 | D:6      | Noticed Menkaure
  5921 | D:6      | Killed Menkaure
  6254 | D:6      | Found a radiant altar of Vehumet.
  6331 | D:6      | Found an opulent altar of Gozag.
  6339 | D:6      | Became a worshipper of Gozag Ym Sagoz the Greedy
  6389 | D:6      | Reached XP level 9. HP: 75/75 MP: 8/8
  7259 | D:7      | Found a burning altar of Makhleb.
  7283 | D:7      | Found a blossoming altar of Fedhas.
  7314 | D:7      | Noticed Jeremiah
  7475 | D:7      | Reached skill level 10 in Axes
  8008 | D:8      | Reached XP level 10. HP: 68/86 MP: 9/9
  8208 | D:8      | Found a flagged portal.
  8217 | Bailey   | Entered a bailey
  9085 | D:9      | Reached skill level 1 in Polearms
  9619 | D:9      | Upgraded the game from 0.31-a0-836-g3ceb0a68c4 to
                  | 0.31-a0-841-g038b102fc3
  9697 | D:9      | Noticed an orange demon
 10732 | D:10     | Entered Level 10 of the Dungeon
 10734 | D:10     | Found a staircase to the Orcish Mines.
 10736 | D:10     | Noticed Grum
 10750 | D:10     | Reached skill level 10 in Armour
 10783 | D:10     | HP: 3/90 [Grum/-2 spear (12)]
 10785 | D:10     | Killed Grum
 10786 | D:10     | Reached skill level 1 in Stealth
 11243 | D:10     | Reached skill level 5 in Polearms
 11243 | D:10     | Reached XP level 11. HP: 64/95 MP: 10/10
 11465 | D:10     | Bought a potion of curing for 72 gold pieces
 11465 | D:10     | Bought a scroll labelled UZAWEU PEEMP for 24 gold pieces
 11465 | D:10     | Bought a shiny plate armour for 624 gold pieces
 11480 | D:10     | Found a bloodstained altar of Trog.
 11480 | D:10     | Found an ancient bone altar of Kikubaaqudgha.
 12341 | D:11     | Found a staircase to the Lair.
 13080 | D:11     | Noticed a two-headed ogre
 13089 | D:11     | Killed a two-headed ogre
 13229 | D:12     | Noticed a two-headed ogre
 13237 | D:12     | Killed a two-headed ogre
 13238 | D:12     | Reached skill level 1 in Throwing
 13610 | D:12     | Noticed a boulder beetle
 13631 | D:12     | Killed a boulder beetle
 13632 | D:12     | Reached skill level 10 in Polearms
 14411 | D:12     | Reached XP level 12. HP: 105/105 MP: 11/11
 15784 | D:13     | Noticed a centaur warrior
 15793 | D:13     | Killed a centaur warrior
 16179 | D:13     | Found Keluweoh's Jewellery Shop.
 16185 | D:13     | Found Opoynt's Jewellery Emporium.
 16194 | D:13     | Found Aloomyul's Assorted Antiques.
 16208 | D:13     | Noticed a two-headed ogre
 16209 | D:13     | Found Qerawn Peut's Assorted Antiques.
 16215 | D:13     | Killed a two-headed ogre
 16216 | D:13     | Found Gitiliem's Book Shop.
 16248 | D:13     | Bought a scroll labelled EGRYDA MEHAN for 35 gold pieces
 16273 | D:13     | Bought a scroll of identify for 58 gold pieces
 16445 | D:13     | Noticed a centaur warrior
 16454 | D:13     | Killed a centaur warrior
 16455 | D:13     | Reached skill level 10 in Fighting
 16878 | D:14     | Noticed a centaur warrior
 16882 | D:14     | Killed a centaur warrior
 16935 | D:14     | Noticed a centaur warrior
 16946 | D:14     | Killed a centaur warrior
 17067 | D:14     | Noticed a six-headed hydra
 17080 | D:14     | Killed a 12-headed hydra
 17347 | D:14     | Noticed a centaur warrior
 17352 | D:14     | Killed a centaur warrior
 17360 | D:14     | Reached skill level 10 in Shields
 17754 | D:14     | Noticed a tengu warrior
 17768 | D:14     | Killed a tengu warrior
 17769 | D:14     | Reached XP level 13. HP: 31/114 MP: 12/12
 18255 | D:14     | Noticed an ironbound thunderhulk
 18265 | D:14     | Slain by an ironbound thunderhulk

Illustrated notes

Levels and vault maps discovered:
D:1:      roderic_crop_circles_arrival_small, layout_rooms
D:2:      layout_loops_cross, basic_altar
D:3:      layout_rooms, mainiacjoe_overflow_24_doors,
          chequers_ecumenical_altar_twisty
D:4:      minmay_clustersquares, layout_basic,
          minmay_temple_entry_enclosed_plants, serial_shops,
          nicolae_shop_window_shopping
D:5:      cheibrodos_quashed, layout_basic, nicolae_qazlal_style_of_elements,
          serial_bayou_lagoon_a, goddamned_bats, uniq_prince_ribbit1
D:6:      layout_basic, lemuel_crystal_altar, mainiacjoe_overflow_paths,
          corexii_leaking_fountain, uniq_menkaure
D:7:      layout_loops_ring, mainiacjoe_overflow_catch_the_wave,
          grunt_livestock, uniq_jeremiah
D:8:      layout_cave_pools, enter_bailey_8
D:9:      layout_loops_ring, serial_glass, glass_columns_a, glass_columns_b,
          glass_columns_a, glass_columns_b, glass_columns_c, glass_columns_a,
          glass_columns_a, glass_columns_b, due_unseen_surprise,
          minmay_strange_pillars, minmay_strange_pillars, feat_on_display
D:10:     layout_roguey, mainiacjoe_overflow_large_starburst, david_orc_2,
          uniq_grum
D:11:     layout_loops_ring, lair_entry_dummy
D:12:     layout_grid_maze, minmay_nine_imps
D:13:     layout_loops_ring, nicolae_shop_national_dungeon_mall
D:14:     layout_basic, hellmonk_vaults_keyhole, nicolae_eternal_life
Temple:   eino_temple_lava

Skill      XL: |  1  2  3  4  5  6  7  8  9 10 11 12 |
---------------+-------------------------------------+-----
Shields        | 4 5 6 8 9 10 | 10.3
Armour         | 4 5 6 8 10 12 13 | 13.3
Fighting       | 4 5 6 7 8 9 10 | 10.8
Dodging        | 1 2 3 4 |  4.4
Long Blades    | 3 4 |  4.7
Axes           | 4 7 10 11 | 11.2
Polearms       | 5 10 13 | 13.4
Stealth        | 1 2 |  2.3
Throwing       | 1 |  1.0
Evocations     | |  0.2

Action                     |  1- 3 |  4- 6 |  7- 9 | 10-12 | 13-15 || total
---------------------------+-------+-------+-------+-------+-------++-------
  Melee: Long sword        |    53 |       |       |       |       ||    53
         Falchion          |    86 |   108 |       |       |       ||   194
         Headbutt          |    23 |    29 |    40 |   113 |     8 ||   213
         War axe           |       |    24 |   301 |    40 |       ||   365
         Halberd           |       |       |       |   543 |    14 ||   557
         Dire flail        |       |       |       |       |    10 ||    10
  Throw: Javelin           |       |       |     5 |     9 |     1 ||    15
 Invoke: Call Merchant     |       |       |       |     1 |       ||     1
  Evoke: Lightning rod     |       |       |       |     3 |       ||     3
    Use: Potion            |       |     5 |     1 |    17 |       ||    23
         Scroll            |       |       |       |    20 |       ||    20
   Stab: Distracted        |       |       |       |     3 |       ||     3
 Armour: Scale mail        |    93 |   140 |    74 |       |       ||   307
         Skin              |       |    47 |       |       |       ||    47
         Plate armour      |       |       |   148 |   536 |    21 ||   705
         Chain mail        |       |       |     2 |       |       ||     2
  Dodge: Dodged            |    64 |    90 |   188 |   576 |    32 ||   950
  Block: Buckler           |    31 |    50 |   108 |    31 |       ||   220
         Reflection        |       |       |     2 |     7 |       ||     9
         Other             |       |       |       |   170 |     7 ||   177

Table legend: (Time is in decaauts)
 A = Elapsed time spent in this place.
 B = Non-inter-level travel time spent in this place.
 C = Inter-level travel time spent in this place.
 D = Time resting spent in this place.
 E = Time spent auto-exploring this place.
 F = Levels seen in this place.
 G = Mean time per level.
                   A        B        C        D        E       F      G
               +--------+--------+--------+--------+--------+-----+--------+
         Total |  18800 |  17625 |   1175 |   4465 |      0 |  16 | 1175.0 |
       Dungeon |  18333 |  17158 |   1175 |   4440 |      0 |  14 | 1309.5 |
        Temple |     36 |     36 |      0 |      0 |      0 |   1 |   36.0 |
        Bailey |    430 |    430 |      0 |     25 |      0 |   1 |  430.0 |
               +--------+--------+--------+--------+--------+-----+--------+

Top non-repeatable levels by time:
    D:12: 2705 daAuts
     D:5: 1844 daAuts
     D:1: 1794 daAuts
    D:10: 1690 daAuts
     D:6: 1584 daAuts
    D:14: 1547 daAuts
     D:4: 1043 daAuts
    D:13: 1036 daAuts
     D:9: 984 daAuts
    D:11: 940 daAuts
     D:7: 934 daAuts
     D:2: 832 daAuts
     D:3: 730 daAuts
     D:8: 663 daAuts
  Bailey: 430 daAuts
